 Dungeon Crawl Stone Soup version 0.30-a0-879-ga8ba668304 (webtiles) character file.

Game seed: 7892657422608398360

65 cforsyth the Trooper (level 4, -1/38 HPs)
             Began as a Barachi Fighter on Mar 12, 2023.
             Hit by a boomerang thrown by an orc (2 damage)
             ... on level 2 of the Dungeon.
             The game lasted 00:01:39 (1097 turns).

cforsyth the Trooper (Barachi Fighter)              Turns: 1097, Time: 00:01:39

Health: -1/38      AC:  7    Str: 19    XL:     4   Next: 13%
Magic:  4/4        EV:  9    Int:  8    God:
Gold:   61         SH:  5    Dex: 12    Spells: 3/3 levels left

rFire   . . .      SeeInvis .    a - +0 war axe
rCold   . . .      Faith    .    c - +0 buckler
rNeg    . . .      Spirit   .    b - +0 scale mail
rPois   .          Reflect  .    (no helmet)
rElec   .          Rampage  .    (no cloak)
rCorr   .                        (no gloves)
Will    .....                    (no boots) Stlth
                                 (no amulet)
HPRegen 0.26/turn                (no ring)
MPRegen 0.09/turn                (no ring)

@: brilliant, lethally poisoned (-1 -> -2), slow
A: amphibious, slowness 1, strong legs 1, +LOS
a: Hop


You were on level 2 of the Dungeon.
You visited 1 branch of the dungeon, and saw 2 of its levels.

You collected 61 gold pieces.

Inventory:

Hand Weapons
 a - a +0 war axe (weapon)
Armour
 b - a +0 scale mail (worn)
 c - a +0 buckler (worn)
Jewellery
 h - a ring of magical power
Scrolls
 e - a scroll of vulnerability {unknown}
 f - a scroll of enchant armour {unknown}
 i - a scroll of identify {unknown}
 j - a scroll of blinking {unknown}
 k - a scroll of immolation {unknown}
Potions
 d - a potion of might
 g - a potion of brilliance


   Skills:
 + Level 4.3 Fighting
 + Level 3.0 Axes
 + Level 4.3 Armour
 + Level 3.9 Shields


You had 3 spell levels left.
You didn't know any spells.
Your spell library was empty.

Dungeon Overview and Level Annotations

Branches:
Dungeon (2/15)

Altars:

Shops:
D:1 ?


Innate Abilities, Weirdness & Mutations

You are amphibious.
You cover ground slowly.
You can hop short distances.
You have an extended range of vision and can be seen from far away.


Message History

You closely miss the orc.
The orc is heavily wounded.
You hit the orc.
You feel very sick. The orc hits you but does no damage.
The orc hits you from afar with a +0 trident.
* * * LOW HITPOINT WARNING * * *
The orc hits you but does no damage. x2; You block the orc's attack.
The orc hits you from afar with a +0 trident!
* * * LOW HITPOINT WARNING * * *
Press: ? - help, v - describe, . - travel, g - get item
Here: an orc, wielding a +0 dagger (heavily wounded)
Items here: a +0 dagger of venom; a +0 ring mail; an orc corpse.
The floor, spattered with blood.
Unknown command.
It was a potion of brilliance.
You feel clever all of a sudden.
* * * LOW HITPOINT WARNING * * *
You feel sick. You block the orc's attack. The orc misses you. x2
Okay, then.
You barely miss the orc.
The orc is heavily wounded.
You hit the orc but do no damage.
* * * LOW HITPOINT WARNING * * *
You feel sick. You block the orc's attack. The orc barely misses you.
The orc hits you but does no damage.
You slash the orc!
You kill the orc!
You hit the orc.
* * * LOW HITPOINT WARNING * * *
You feel sick.
The orc throws a boomerang.
You block the boomerang. The orc closely misses you.
Your Axes skill increases to level 3!
You hit the orc.
You kill the orc!
* * * LOW HITPOINT WARNING * * *
You feel sick.
The orc throws a boomerang.
The boomerang hits you but does no damage.
The orc throws a boomerang.
The boomerang hits you.
You die...

....# #...## #..# #...#.#
....####....## #.#.#.##...#
.............# #.##.###.#.##
....###..###.###.##.##.###.#
.............#..........#.##
.............#.#.##.####.##
.................##.# #.#
###......###.#.#)##.####.#
>.............o.@)......<#
###...........##.#########
#.###..###...#.# #.. .....
....# #..).....# .###
#........# #># ...##....# #
... ......


You could see an orc.

Vanquished Creatures
  2 adders (D:2)
  A dart slug (D:1)
  3 orcs (D:2)
  A bat (D:1)
  4 endoplasms
  A giant cockroach (D:1)
  4 goblins
  5 hobgoblins
  2 jackals (D:1)
  2 quokkas (D:2)
  4 ball pythons
  3 frilled lizards
  4 kobolds
  4 rats
40 creatures vanquished.

Notes
Turn   | Place    | Note
-------+----------+-------------------------------------------
     0 | D:1      | cforsyth the Barachi Fighter began the quest for the Orb.
     0 | D:1      | Reached XP level 1. HP: 18/18 MP: 1/1
   147 | D:1      | Found The Oracle's Delphic Readings.
   211 | D:1      | Reached XP level 2. HP: 21/25 MP: 2/2
   669 | D:2      | Reached XP level 3. HP: 30/30 MP: 3/3
   971 | D:2      | Reached XP level 4. HP: 32/37 MP: 4/4
  1096 | D:2      | HP: 1/38 [poisoned by an orc]
  1097 | D:2      | Hit by a boomerang thrown by an orc

Illustrated notes

Levels and vault maps discovered:
D:1:      eino_arrival_cavern_a, layout_loops_ring, serial_park_tiny_2,
          nicolae_nh_oracle_at_delphi
D:2:      layout_loops_ring, hellmonk_ecumenical_altar_lost_god,
          kennysheep_boxes

Skill      XL: |  1  2  3  4 |
---------------+-------------+-----
Armour         | 4 |  4.3
Fighting       | 4 |  4.3
Axes           | 3 |  3.0
Shields        | |  3.9

Action                     |  1- 3 |  4- 6 || total
---------------------------+-------+-------++-------
  Melee: War axe           |   116 |    14 ||   130
    Use: Potion            |       |     1 ||     1
 Armour: Scale mail        |    61 |    16 ||    77
  Dodge: Dodged            |    41 |    13 ||    54
  Block: Buckler           |    32 |     4 ||    36

Table legend: (Time is in decaauts)
 A = Elapsed time spent in this place.
 B = Non-inter-level travel time spent in this place.
 C = Inter-level travel time spent in this place.
 D = Time resting spent in this place.
 E = Time spent auto-exploring this place.
 F = Levels seen in this place.
 G = Mean time per level.
                   A        B        C        D        E       F      G
               +--------+--------+--------+--------+--------+-----+--------+
         Total |   1303 |   1296 |      7 |      0 |    989 |   2 |  651.5 |
       Dungeon |   1303 |   1296 |      7 |      0 |    989 |   2 |  651.5 |
               +--------+--------+--------+--------+--------+-----+--------+

Top non-repeatable levels by time:
     D:1: 792 daAuts
     D:2: 511 daAuts
